 Dungeon Crawl Stone Soup version 0.14-a0-2737-gb10a4c8 (webtiles) character file.

280 bronies4ever the Insei (level 5, -25/28 HPs)
             Began as a Vine Stalker Monk on Feb 21, 2014.
             Annihilated by Psuel the merfolk
             ... wielding a +0,+0 trident
             ... created by the player character
              (26 damage)
             ... on Level 3 of the Dungeon.
             The game lasted 00:04:14 (1706 turns).

bronies4ever the Insei (Vine Stalker Monk)          Turns: 1706, Time: 00:04:15

HP -25/28        AC  3     Str 14      XL: 5   Next: 33%
MP   0/7         EV 13     Int 10      God:
Gold 129         SH  0     Dex 17      Spells:  0 memorised,  4 levels left

rFire  . . .     SeeInvis .     p - +3 quarterstaff (chaos)
rCold  . . .     Clarity  .     a - +0 robe
rNeg   . . .     Conserve .     (no shield)
rPois  .         rCorr    .     (no helmet)
rElec  .         rRot     +     q - +0 cloak (curse)
SustAb . .       Spirit   +     (no gloves)
rMut   .         Warding  .     (no boots)
Saprov . . .     Stasis   .     (no amulet)
MR     .....                    (no ring)
                                v - ring of flight

@: not resistant to hostile enchantments, stealthy
A: fangs 2, regeneration 1, magic shield, antimagic bite, no device heal
a: Evoke Flight


You were on level 3 of the Dungeon.
You were hungry.

You visited 1 branch of the dungeon, and saw 3 of its levels.

You collected 129 gold pieces.

Inventory:

Hand weapons
 p - a +3,+3 quarterstaff of chaos (weapon)
Armour
 a - a +0 robe (worn)
 q - a cursed +0 cloak (worn)
Magical devices
 o - a wand of digging (14)
Comestibles
 b - 2 bread rations
Scrolls
 d - a scroll of noise {unknown}
 f - a scroll of remove curse {unknown}
 h - 2 scrolls of blinking {unknown}
 i - a scroll of fog {unknown}
 j - 2 scrolls of magic mapping {unknown}
 k - a scroll of enchant armour {unknown}
 l - a scroll of curse weapon {unknown}
 n - 3 scrolls of identify {unknown}
 s - a scroll of teleportation {unknown}
 u - a scroll of enchant weapon I {unknown}
Jewellery
 e - an uncursed ring of fire
 v - a ring of flight (left hand)
Potions
 c - a potion of resistance {unknown}
 g - a potion of agility {unknown}
 m - 2 potions of curing {unknown}
 r - a potion of berserk rage {unknown}
Miscellaneous
 t - a plain deck of defence {drawn: 1}


   Skills:
 + Level 3.1 Fighting
 + Level 2.8 Dodging
 + Level 3.6 Stealth
 * Level 5.5 Unarmed Combat


You had 4 spell levels left.
You didn't know any spells.

Dungeon Overview and Level Annotations

Branches:
Dungeon (3/16)

Altars:
Nemelex Xobeh


Innate Abilities, Weirdness & Mutations

You have extremely sharp teeth.
Your natural rate of healing is unusually fast.
When hurt, damage is shared between your health and your magic reserves.
Your bite disrupts and absorbs the magic of your enemies.
Potions and wands cannot restore your HP.


Message History

The bat misses you.
You hit Psuel.
There is a sudden explosion of sparks!
You bite Psuel! You drain its power.
You feel invigorated.
Psuel is heavily wounded.
The bat closely misses you. Psuel closely misses you.
You sock Psuel!
Psuel is moving more slowly.
You bite Psuel, but do no damage.
Psuel is severely wounded.
The bat closely misses you. Psuel misses you.
You hit Psuel.
Psuel is severely wounded.
The bat barely misses you. Psuel hits you with a trident!
* * * LOW HITPOINT WARNING * * *
Psuel closely misses you.
You thump Psuel! You bite Psuel, but do no damage.
Psuel is severely wounded.
The bat hits you.
* * * LOW HITPOINT WARNING * * *
Psuel hits you with a trident!
Ouch! That really hurt!
You die...

# #...(...... .....
########### #...# #
#...# ... ##### ## #
....# #..>### #
.....####.....##########
........................
#...#.b..#...##########
#....@..##### #...#m..#
#...##### #.. #


You could see Psuel the merfolk (petrifying) and a bat.

Vanquished Creatures
  Crazy Yiuf (D:2)
  3 adders
  A gnoll (D:1)
  A giant mite (D:1)
  2 worms
  2 giant geckos (D:2)
  An ooze (D:1)
  An orc (D:3)
  5 giant cockroaches (D:1)
  6 goblins
  10 hobgoblins
  3 jackals (D:1)
  A quokka (D:2)
  2 ball pythons
  6 bats
  A giant newt (D:2)
  6 kobolds
  13 rats
65 creatures vanquished.

Notes
Turn   | Place    | Note
--------------------------------------------------------------
     0 | D:1      | bronies4ever, the Vine Stalker Monk, began the quest for the Orb.
     0 | D:1      | Reached XP level 1. HP: 11/11 MP: 1/1
    63 | D:1      | Reached XP level 2. HP: 16/16 MP: 3/3
   118 | D:1      | Reached XP level 3. HP: 16/19 MP: 4/4
   650 | D:2      | Reached XP level 4. HP: 23/23 MP: 5/5
   703 | D:2      | Reached skill level 3 in Stealth
   703 | D:2      | Reached skill level 5 in Unarmed Combat
   745 | D:2      | Reached skill level 3 in Fighting
  1002 | D:2      | Noticed Crazy Yiuf
  1015 | D:2      | Killed Crazy Yiuf
  1084 | D:2      | Reached XP level 5. HP: 28/28 MP: 7/7
  1617 | D:3      | Found a sparkling altar of Nemelex Xobeh.
  1700 | D:3      | Noticed Psuel
  1706 | D:3      | HP: 1/28 [bat (1)]
  1706 | D:3      | Annihilated by Psuel the merfolk

Action                   |  1- 3 |  4- 6 || total
-------------------------+-------+-------++-------
Melee: Unarmed           |    98 |    77 ||   175
       Quarterstaff      |       |     5 ||     5
Evoke: Deck              |       |     1 ||     1
 Stab: Sleeping          |     2 |     4 ||     6
